 Dungeon Crawl Stone Soup version 0.21.0-26-g889b8f6 (webtiles) character file.

156 pk666 the Chopper (level 5, -7/49 HPs)
             Began as a Minotaur Berserker on Jan 27, 2018.
             Was a Believer of Trog.
             Asphyxiated
             ... on level 3 of the Dungeon.
             The game lasted 00:05:31 (1806 turns).

pk666 the Chopper (Minotaur Berserker)              Turns: 1806, Time: 00:05:33

Health: -7/49      AC:  8    Str: 22    XL:     5   Next: 15%
Magic:  4/4        EV:  8    Int:  4    God:    Trog [**....]
Gold:   110        SH:  0    Dex: 10    Spells: 4/4 levels left

rFire    . . .     SeeInvis .   q - +0 war axe
rCold    . . .     Gourm    .   (no shield)
rNeg     . . .     Faith    .   t - +0 chain mail
rPois    .         Spirit   .   (helmet restricted)
rElec    .         Reflect  .   (no cloak)
rCorr    .         Harm     .   (no gloves)
MR       .....                  (no boots)
Stlth    ..........             (no amulet)
HPRegen  0.16/turn              (no ring)
MPRegen  0.09/turn              (no ring)

@: lethally poisoned (-7 -> -62), hasted and slowed
A: retaliatory headbutt, horns 2
a: Berserk, Trog's Hand, Burn Spellbooks, Renounce Religion


You were on level 3 of the Dungeon.
You worshipped Trog.
Trog was pleased with you.
You were not hungry.

You visited 1 branch of the dungeon, and saw 3 of its levels.

You collected 110 gold pieces.

Inventory:

Hand Weapons
 q - a +0 war axe (weapon)
Armour
 t - a +0 chain mail (worn)
Jewellery
 b - a +3 ring of intelligence {unknown}
 l - an uncursed ring of wizardry {unknown}
 m - a +4 ring of evasion {unknown}
Scrolls
 f - a scroll of random uselessness {unknown}
 g - 2 scrolls of teleportation {unknown}
 j - a scroll of identify {unknown}
 n - 2 scrolls of enchant weapon {unknown}
 o - a scroll of immolation {unknown}
 p - a scroll of enchant armour {unknown}
 s - 2 scrolls of remove curse {unknown}
 u - a scroll of fog {unknown}
Potions
 a - a potion of lignification {unknown}
 d - 2 potions of haste
 e - 2 potions of heal wounds {unknown}
 h - a potion of curing {unknown}
 i - a potion of might {unknown}
 k - a potion of brilliance {unknown}
Comestibles
 c - 6 rations
 r - 2 chunks of flesh


   Skills:
 + Level 5.6 Fighting
 + Level 5.6 Axes
 - Level 2.4 Armour
 - Level 2.1 Dodging


You had 4 spell levels left.
You didn't know any spells.

Dungeon Overview and Level Annotations

Branches:
Dungeon (3/15)

Altars:
Cheibriados
Elyvilon
Gozag

Shops:
D:2 *


Innate Abilities, Weirdness & Mutations

You reflexively headbutt those who attack you in melee.
You have a pair of horns on your head.


Message History

It was a potion of haste.
You feel yourself speed up.
* * * LOW HITPOINT WARNING * * *
You feel very sick.
The frilled lizard hisses angrily.
The bat hits you.
* * * LOW HITPOINT WARNING * * *
The bat barely misses you. You furiously retaliate!
You headbutt the bat!
You kill the bat!
Trog accepts your kill.
The kobold shoots a curare-tipped needle.
The curare-tipped needle hits you.
You are more poisoned.
You have difficulty breathing.
* * * LOW HITPOINT WARNING * * *
You feel as though you will be slow longer.
The kobold shoots a curare-tipped needle.
The curare-tipped needle hits you.
You are more poisoned.
You have difficulty breathing.
You die...

###..... ....... #....###
#......# #......# #
#####.#...######
###.##...#..........######
.......†(%.(..............
...>...((@................
.........#...........#..)[
........##.#########.#..).
........##.# #.###.†
........##.# #.#.#.#
....l.K.##.# #.#..<[
........##.# #.#.###
......... .. ..#.... #####


You could see a kobold and a frilled lizard.

Vanquished Creatures
  A bullfrog skeleton (D:3)
  Terence (D:2)
  2 adders
  An ooze (D:2)
  5 worms
  A leopard gecko (D:2)
  3 orcs (D:3)
  6 giant cockroaches
  5 goblins
  5 hobgoblins
  7 jackals
  2 quokkas
  8 bats
  2 frilled lizards
  9 kobolds
  6 rats (D:1)
64 creatures vanquished.

Notes
Turn   | Place    | Note
-------+----------+-------------------------------------------
     0 | D:1      | pk666 the Minotaur Berserker began the quest for the Orb.
     0 | D:1      | Reached XP level 1. HP: 19/19 MP: 0/0
   257 | D:1      | Reached XP level 2. HP: 27/27 MP: 1/1
   920 | D:2      | Found an opulent altar of Gozag.
   922 | D:2      | Found Gozag's Platinum Reserve.
   947 | D:2      | Reached ** piety under Trog
   947 | D:2      | Reached XP level 3. HP: 31/34 MP: 2/2
  1365 | D:2      | Noticed Terence
  1370 | D:2      | Killed Terence
  1370 | D:2      | Reached skill level 5 in Fighting
  1370 | D:2      | Reached skill level 5 in Axes
  1370 | D:2      | Reached XP level 4. HP: 35/42 MP: 3/3
  1638 | D:3      | Found a snail-covered altar of Cheibriados.
  1638 | D:3      | Found a white marble altar of Elyvilon.
  1718 | D:3      | Reached XP level 5. HP: 21/48 MP: 4/4
  1806 | D:3      | Asphyxiated

Skill      XL: |  1  2  3 |
---------------+----------+-----
Fighting       | 4 5 |  5.6
Axes           | 4 5 |  5.6
Armour         | |  2.4
Dodging        | |  2.1

Action                   |  1- 3 |  4- 6 || total
-------------------------+-------+-------++-------
Melee: Hand axe          |    68 |       ||    68
       Headbutt          |     7 |     7 ||    14
       War axe           |    26 |    46 ||    72
  Use: Potion            |       |     1 ||     1
  Eat: Chunk             |     2 |     1 ||     3
Armor: Scale mail        |    41 |     4 ||    45
       Chain mail        |       |    31 ||    31
Dodge: Dodged            |    60 |    32 ||    92
